[ AOE2 MATCH · #505860892 ]
UnrankedSpanish vs Huns
Player's team · LOSS
Rival team · WIN
[ REPLAY ANALYSIS · EXTRACTED FROM THE RECORDED GAME ]
Feudal
11:10
Castle
14:55
Imperial
37:22
| APM avg | 48.4 |
| APM peak | 100 |
| eAPM avg | 32.8 |
| Villagers / military | 218 / 214 |
Focus
⚔️ 42.5% · 🌾 57.5%
Spearman ×116 · Battering Ram ×34 · Conquistador ×27 · Missionary ×11 · Mangonel ×8 · Bombard Cannon ×4
Feudal
8:01
Castle
22:58
Imperial
35:52
| APM avg | 66.9 |
| APM peak | 129 |
| eAPM avg | 40.3 |
| Villagers / military | 188 / 211 |
Focus
⚔️ 55.6% · 🌾 44.4%
Cavalry Archer ×90 · Scout Cavalry ×43 · Militia ×40 · Tarkan ×14 · Trebuchet (Packed) ×14 · Monk ×4
Match map
Initial resources + every placement click. Lines = walls · curves = elevation contours. ◆ gold · ⬟ stone · ● berries · ✦ relic · ◌ wall gap
Your base· ✓ Closed at 14:55 · 58t walls · 2 gate(s)
the best BO's's base· ✓ Closed at 22:58 · 14t walls · 3 gate(s)
Smoothed initial terrain · ◌ = detected wall gap · hover for details
Inputs per minute
— GdR | ChiattoneDevastante - - the best BO's
Build order — GdR | ChiattoneDevastante
First 150 of 653 actions detected
| 0:01 | Queue | Villager (Male) |
| 0:01 | Queue | Villager (Male) |
| 0:02 | Queue | Villager (Male) |
| 0:02 | Queue | Villager (Male) |
| 0:02 | Queue | Villager (Male) |
| 0:03 | Build | House |
| 0:05 | Build | House |
| 1:33 | Queue | Villager (Male) |
| 1:34 | Queue | Villager (Male) |
| 1:59 | Queue | Villager (Male) |
| 1:59 | Queue | Villager (Male) |
| 2:04 | Build | Lumber Camp |
| 2:19 | Queue | Villager (Male) |
| 2:51 | Queue | Villager (Male) |
| 3:17 | Queue | Villager (Male) |
| 3:34 | Queue | Villager (Male) |
| 3:54 | Build | House |
| 3:55 | Build | House |
| 3:55 | Build | House |
| 4:12 | Queue | Villager (Male) |
| 4:16 | Queue | Villager (Male) |
| 4:16 | Queue | Villager (Male) |
| 4:25 | Build | Mill |
| 4:42 | Queue | Villager (Male) |
| 5:19 | Queue | Villager (Male) |
| 5:39 | Queue | Villager (Male) |
| 5:56 | Build | Farm |
| 6:01 | Queue | Villager (Male) |
| 6:21 | Build | Farm |
| 6:33 | Queue | Villager (Male) |
| 6:52 | Build | Lumber Camp |
| 6:53 | Queue | Villager (Male) |
| 7:00 | Queue | Villager (Male) |
| 7:34 | Queue | Villager (Male) |
| 8:14 | Queue | Villager (Male) |
| 8:20 | Build | Palisade Wall |
| 8:27 | Build | Palisade Wall |
| 8:28 | Build | Palisade Wall |
| 8:42 | Build | Palisade Wall |
| 8:46 | Build | Palisade Wall |
| 8:52 | Build | Palisade Wall |
| 8:54 | Build | Palisade Wall |
| 8:55 | Queue | Villager (Male) |
| 9:00 | Research | Feudal Age |
| 9:00 | Research | Feudal Age |
| 9:00 | Research | Feudal Age |
| 9:16 | Build | Mining Camp |
| 9:30 | Queue | Villager (Male) |
| 9:37 | Build | Palisade Wall |
| 9:38 | Build | Palisade Wall |
| 9:52 | Build | Palisade Wall |
| 9:54 | Build | Palisade Wall |
| 9:55 | Build | Palisade Wall |
| 9:57 | Build | Palisade Wall |
| 9:58 | Build | Palisade Wall |
| 9:59 | Build | Palisade Wall |
| 11:09 | Build | Palisade Wall |
| 11:10 | Age | Feudal Age |
| 11:14 | Build | Blacksmith |
| 11:17 | Build | Market |
| 11:29 | Build | Palisade Wall |
| 11:35 | Queue | Villager (Male) |
| 11:40 | Build | Palisade Wall |
| 12:15 | Research | Castle Age |
| 12:37 | Research | Fletching |
| 12:56 | Build | House |
| 12:58 | Build | Palisade Wall |
| 13:23 | Build | Watch Tower |
| 13:31 | Queue | Villager (Male) |
| 13:46 | Queue | Villager (Male) |
| 13:50 | Research | Double-Bit Axe |
| 14:39 | Queue | Villager (Male) |
| 14:55 | Age | Castle Age |
| 14:58 | Build | Siege Workshop |
| 15:04 | Research | Bow Saw |
| 15:12 | Build | Farm |
| 15:21 | Research | Loom |
| 15:27 | Queue | Villager (Male) |
| 15:34 | Queue | Mangonel |
| 15:34 | Queue | Mangonel |
| 15:35 | Queue | Mangonel |
| 16:10 | Queue | Villager (Male) |
| 16:14 | Queue | Mangonel |
| 16:14 | Queue | Mangonel |
| 16:14 | Queue | Mangonel |
| 16:35 | Queue | Villager (Male) |
| 16:56 | Queue | Villager (Male) |
| 17:00 | Build | Farm |
| 17:14 | Build | House |
| 17:36 | Queue | Villager (Male) |
| 17:41 | Build | Farm |
| 18:10 | Build | Farm |
| 18:20 | Queue | Villager (Male) |
| 18:21 | Queue | Villager (Male) |
| 18:39 | Build | Farm |
| 18:40 | Build | Farm |
| 18:50 | Queue | Villager (Male) |
| 18:50 | Queue | Villager (Male) |
| 18:50 | Queue | Villager (Male) |
| 19:17 | Queue | Mangonel |
| 19:23 | Build | Farm |
| 19:23 | Queue | Villager (Male) |
| 19:48 | Build | Farm |
| 20:02 | Queue | Villager (Male) |
| 20:13 | Build | Monastery |
| 20:36 | Queue | Villager (Male) |
| 20:43 | Queue | Villager (Male) |
| 20:44 | Queue | Villager (Male) |
| 20:50 | Queue | Villager (Male) |
| 20:51 | Queue | Monk |
| 20:53 | Queue | Missionary |
| 21:01 | Build | Palisade Gate |
| 21:09 | Build | House |
| 21:19 | Queue | Villager (Male) |
| 21:38 | Build | Palisade Wall |
| 21:39 | Build | Palisade Wall |
| 21:40 | Build | Palisade Wall |
| 21:41 | Build | Palisade Wall |
| 21:42 | Queue | Villager (Male) |
| 21:45 | Queue | Missionary |
| 21:57 | Build | Town Center |
| 22:02 | Queue | Villager (Male) |
| 22:05 | Build | House |
| 22:09 | Build | Farm |
| 22:12 | Build | Farm |
| 22:43 | Queue | Missionary |
| 22:44 | Queue | Villager (Male) |
| 22:56 | Build | Town Center |
| 22:59 | Queue | Villager (Male) |
| 23:07 | Queue | Villager (Male) |
| 23:21 | Queue | Villager (Male) |
| 23:27 | Research | Wheelbarrow |
| 23:42 | Queue | Scorpion |
| 23:46 | Queue | Villager (Male) |
| 23:50 | Queue | Missionary |
| 23:57 | Queue | Villager (Male) |
| 24:00 | Build | Farm |
| 24:17 | Queue | Villager (Male) |
| 24:27 | Queue | Missionary |
| 24:33 | Build | Farm |
| 24:33 | Build | Farm |
| 24:34 | Build | Farm |
| 24:40 | Queue | Villager (Male) |
| 24:40 | Queue | Villager (Male) |
| 24:47 | Build | Mining Camp |
| 25:00 | Queue | Villager (Male) |
| 25:06 | Queue | Missionary |
| 25:15 | Queue | Villager (Male) |
| 25:15 | Queue | Villager (Male) |
| 25:17 | Build | Farm |
Build order — the best BO's
First 150 of 692 actions detected
| 0:00 | Queue | Villager (Male) |
| 0:00 | Queue | Villager (Male) |
| 0:06 | Queue | Villager (Male) |
| 0:06 | Queue | Villager (Male) |
| 1:07 | Queue | Villager (Male) |
| 1:07 | Queue | Villager (Male) |
| 1:23 | Build | Lumber Camp |
| 1:39 | Queue | Villager (Male) |
| 2:03 | Queue | Villager (Male) |
| 2:04 | Queue | Villager (Male) |
| 2:29 | Queue | Villager (Male) |
| 2:29 | Queue | Villager (Male) |
| 2:50 | Queue | Villager (Male) |
| 2:50 | Queue | Villager (Male) |
| 3:16 | Queue | Villager (Male) |
| 3:17 | Queue | Villager (Male) |
| 3:17 | Queue | Villager (Male) |
| 4:32 | Queue | Villager (Male) |
| 4:52 | Queue | Villager (Male) |
| 4:54 | Queue | Villager (Male) |
| 5:15 | Build | Mining Camp |
| 5:51 | Research | Feudal Age |
| 5:51 | Research | Feudal Age |
| 5:51 | Research | Feudal Age |
| 6:39 | Build | Palisade Wall |
| 6:44 | Queue | Villager (Male) |
| 7:16 | Research | Loom |
| 7:16 | Queue | Villager (Male) |
| 7:29 | Queue | Villager (Male) |
| 8:01 | Age | Feudal Age |
| 8:02 | Build | Watch Tower |
| 8:20 | Queue | Villager (Male) |
| 8:49 | Queue | Villager (Male) |
| 8:49 | Queue | Villager (Male) |
| 8:50 | Queue | Villager (Male) |
| 9:07 | Queue | Villager (Male) |
| 9:16 | Queue | Villager (Male) |
| 9:56 | Research | Double-Bit Axe |
| 10:01 | Queue | Villager (Male) |
| 10:06 | Build | Watch Tower |
| 10:12 | Build | Palisade Wall |
| 10:13 | Build | Palisade Wall |
| 10:13 | Build | Palisade Wall |
| 10:14 | Build | Palisade Wall |
| 10:14 | Build | Palisade Wall |
| 10:19 | Queue | Villager (Male) |
| 10:24 | Build | Mill |
| 10:52 | Queue | Villager (Male) |
| 11:21 | Queue | Villager (Male) |
| 11:52 | Build | Watch Tower |
| 11:52 | Queue | Villager (Male) |
| 11:52 | Queue | Villager (Male) |
| 12:06 | Queue | Villager (Male) |
| 12:06 | Queue | Villager (Male) |
| 12:10 | Build | Palisade Wall |
| 12:10 | Build | Palisade Wall |
| 12:11 | Build | Palisade Wall |
| 12:11 | Build | Palisade Wall |
| 12:12 | Build | Palisade Wall |
| 12:12 | Build | Palisade Wall |
| 12:13 | Build | Palisade Wall |
| 12:14 | Build | Palisade Wall |
| 12:29 | Research | Horse Collar |
| 12:33 | Queue | Villager (Male) |
| 12:34 | Queue | Villager (Male) |
| 12:35 | Queue | Villager (Male) |
| 12:37 | Build | Farm |
| 12:38 | Build | Farm |
| 13:10 | Queue | Villager (Male) |
| 13:15 | Queue | Villager (Male) |
| 13:30 | Queue | Villager (Male) |
| 13:37 | Queue | Villager (Male) |
| 13:50 | Build | Farm |
| 13:50 | Build | Farm |
| 13:51 | Build | Farm |
| 13:51 | Build | Farm |
| 13:51 | Build | Farm |
| 13:51 | Build | Farm |
| 14:09 | Queue | Villager (Male) |
| 14:15 | Build | Farm |
| 14:20 | Build | Mining Camp |
| 14:31 | Queue | Villager (Male) |
| 14:41 | Queue | Villager (Male) |
| 14:49 | Queue | Villager (Male) |
| 14:58 | Queue | Villager (Male) |
| 15:08 | Queue | Villager (Male) |
| 15:43 | Queue | Villager (Male) |
| 15:48 | Queue | Villager (Male) |
| 15:57 | Queue | Villager (Male) |
| 16:03 | Queue | Villager (Male) |
| 16:11 | Queue | Villager (Male) |
| 16:11 | Queue | Villager (Male) |
| 16:19 | Queue | Villager (Male) |
| 16:28 | Build | Watch Tower |
| 16:30 | Queue | Villager (Male) |
| 16:30 | Queue | Villager (Male) |
| 16:38 | Queue | Villager (Male) |
| 16:45 | Queue | Villager (Male) |
| 16:45 | Queue | Villager (Male) |
| 16:53 | Queue | Villager (Male) |
| 16:55 | Build | Farm |
| 16:56 | Build | Farm |
| 17:11 | Queue | Villager (Male) |
| 17:15 | Queue | Villager (Male) |
| 17:15 | Queue | Villager (Male) |
| 17:38 | Queue | Villager (Male) |
| 17:50 | Build | Watch Tower |
| 17:53 | Queue | Villager (Male) |
| 17:53 | Queue | Villager (Male) |
| 18:02 | Build | Watch Tower |
| 18:02 | Queue | Villager (Male) |
| 18:27 | Queue | Villager (Male) |
| 18:34 | Build | Watch Tower |
| 18:39 | Build | Market |
| 19:10 | Build | Watch Tower |
| 19:21 | Build | Blacksmith |
| 19:22 | Queue | Villager (Male) |
| 19:34 | Research | Horse Collar |
| 19:34 | Research | Horse Collar |
| 19:49 | Build | Gate |
| 20:12 | Build | Gate |
| 20:12 | Queue | Villager (Male) |
| 20:18 | Research | Castle Age |
| 20:18 | Research | Castle Age |
| 20:18 | Research | Castle Age |
| 20:49 | Build | Outpost |
| 20:52 | Build | Outpost |
| 20:55 | Build | Outpost |
| 20:57 | Research | Gold Mining |
| 20:58 | Research | Stone Mining |
| 20:58 | Research | Stone Mining |
| 21:11 | Build | Outpost |
| 21:14 | Build | Outpost |
| 21:19 | Build | Outpost |
| 21:30 | Research | Town Watch |
| 22:18 | Build | Outpost |
| 22:40 | Queue | Villager (Male) |
| 22:50 | Build | Outpost |
| 22:52 | Build | Farm |
| 22:58 | Age | Castle Age |
| 23:01 | Build | Castle |
| 23:04 | Build | Monastery |
| 23:22 | Queue | Villager (Male) |
| 23:32 | Build | Town Center |
| 23:38 | Queue | Monk |
| 23:44 | Queue | Villager (Male) |
| 23:56 | Build | Farm |
| 23:58 | Build | Farm |
| 24:05 | Build | Town Center |
| 24:09 | Research | Forging |
Match timeline
| 6:39 | the best BO's · wall_segment Palisade Wall x1 |
| 8:01 | the best BO's · age_up feudal |
| 8:20 | GdR | ChiattoneDevastante · wall_segment Palisade Wall x6 |
| 8:27 | GdR | ChiattoneDevastante · wall_segment Palisade Wall x5 |
| 8:28 | GdR | ChiattoneDevastante · wall_segment Palisade Wall x8 |
| 8:42 | GdR | ChiattoneDevastante · wall_segment Palisade Wall x1 |
| 8:46 | GdR | ChiattoneDevastante · wall_segment Palisade Wall x2 |
| 8:52 | GdR | ChiattoneDevastante · wall_segment Palisade Wall x1 |
| 8:54 | GdR | ChiattoneDevastante · wall_segment Palisade Wall x4 |
| 9:37 | GdR | ChiattoneDevastante · wall_segment Palisade Wall x1 |
| 9:38 | GdR | ChiattoneDevastante · wall_segment Palisade Wall x1 |
| 9:52 | GdR | ChiattoneDevastante · wall_segment Palisade Wall x1 |
| 9:54 | GdR | ChiattoneDevastante · wall_segment Palisade Wall x3 |
| 9:55 | GdR | ChiattoneDevastante · wall_segment Palisade Wall x4 |
| 9:57 | GdR | ChiattoneDevastante · wall_segment Palisade Wall x1 |
| 9:58 | GdR | ChiattoneDevastante · wall_segment Palisade Wall x1 |
| 9:59 | GdR | ChiattoneDevastante · wall_segment Palisade Wall x10 |
| 10:12 | the best BO's · wall_segment Palisade Wall x1 |
| 10:13 | the best BO's · wall_segment Palisade Wall x1 |
| 10:13 | the best BO's · wall_segment Palisade Wall x1 |
| 10:14 | the best BO's · wall_segment Palisade Wall x1 |
| 10:14 | the best BO's · wall_segment Palisade Wall x1 |
| 11:09 | GdR | ChiattoneDevastante · wall_segment Palisade Wall x1 |
| 11:10 | GdR | ChiattoneDevastante · age_up feudal |
| 11:29 | GdR | ChiattoneDevastante · wall_segment Palisade Wall x4 |
| 11:40 | GdR | ChiattoneDevastante · wall_segment Palisade Wall x2 |
| 12:09 | GdR | ChiattoneDevastante · first_market_sell 100 wood |
| 12:10 | the best BO's · wall_segment Palisade Wall x1 |
| 12:10 | GdR | ChiattoneDevastante · first_market_buy 100 food |
| 12:10 | the best BO's · wall_segment Palisade Wall x1 |
| 12:11 | the best BO's · wall_segment Palisade Wall x1 |
| 12:11 | the best BO's · wall_segment Palisade Wall x1 |
| 12:12 | the best BO's · wall_segment Palisade Wall x1 |
| 12:12 | the best BO's · wall_segment Palisade Wall x1 |
| 12:13 | the best BO's · wall_segment Palisade Wall x1 |
| 12:14 | the best BO's · wall_segment Palisade Wall x1 |
| 12:58 | GdR | ChiattoneDevastante · wall_segment Palisade Wall x5 |
| 14:55 | GdR | ChiattoneDevastante · age_up castle |
| 14:58 | GdR | ChiattoneDevastante · first_building Siege Workshop |
| 19:19 | the best BO's · first_market_buy 100 wood |
| 20:13 | GdR | ChiattoneDevastante · first_building Monastery |
| 21:38 | GdR | ChiattoneDevastante · wall_segment Palisade Wall x1 |
| 21:39 | GdR | ChiattoneDevastante · wall_segment Palisade Wall x1 |
| 21:40 | GdR | ChiattoneDevastante · wall_segment Palisade Wall x1 |
| 21:41 | GdR | ChiattoneDevastante · wall_segment Palisade Wall x1 |
| 22:58 | the best BO's · age_up castle |
| 23:01 | the best BO's · first_building Castle |
| 23:04 | the best BO's · first_building Monastery |
| 28:02 | GdR | ChiattoneDevastante · first_building Castle |
| 28:15 | GdR | ChiattoneDevastante · first_building Barracks |
| 29:07 | GdR | ChiattoneDevastante · wall_segment Stone Wall x2 |
| 30:02 | the best BO's · first_building Barracks |
| 31:24 | the best BO's · first_building Archery Range |
| 32:31 | GdR | ChiattoneDevastante · first_building Stable |
| 33:03 | the best BO's · wall_segment Stone Wall x3 |
| 33:06 | the best BO's · wall_segment Stone Wall x6 |
| 33:21 | the best BO's · wall_segment Stone Wall x5 |
| 33:23 | the best BO's · wall_segment Stone Wall x1 |
| 33:26 | the best BO's · wall_segment Stone Wall x1 |
| 34:04 | the best BO's · wall_segment Stone Wall x1 |
| 34:26 | the best BO's · first_market_sell 100 wood |
| 35:11 | the best BO's · first_building Stable |
| 35:52 | the best BO's · age_up imperial |
| 37:00 | the best BO's · wall_segment Stone Wall x2 |
| 37:22 | GdR | ChiattoneDevastante · age_up imperial |
| 37:45 | GdR | ChiattoneDevastante · wall_segment Stone Wall x10 |
| 38:58 | the best BO's · wall_segment Stone Wall x3 |
| 43:44 | the best BO's · wall_segment Stone Wall x4 |
| 43:46 | the best BO's · wall_segment Stone Wall x5 |
| 43:48 | the best BO's · wall_segment Stone Wall x10 |
| 44:55 | the best BO's · wall_segment Stone Wall x4 |
| 46:51 | GdR | ChiattoneDevastante · first_building Archery Range |
| 47:11 | the best BO's · wall_segment Stone Wall x1 |
| 50:15 | the best BO's · first_building Siege Workshop |
| 50:51 | GdR | ChiattoneDevastante · resign |
[ AI ANALYSIS · 1 CREDIT ]
What really happened in this match?
Wolo.gg analyzes every decision: build order, eco, micro, common mistakes by bracket. Personalized analysis on WhatsApp or Discord in 30 seconds.
Civ guide
Spanish
Perfil
Jugador #6950